Map: Escarcha EE

Players

Zarbon

  • Race: Zerg Zerg
  • League: Diamond

Anubis - Winner!

  • Race: Protoss Protoss
  • League: Master

VOD

Have the link to the VOD?

Description

Time

  • Played on: July 31, 2016, 6:20 p.m.
  • Length: 11:56
Show
View Real Time Build Order
Export as new Build Order

Zarbon Zerg 

Build Orders: Hatch First 

Get SALT Encoding   

  12  0:01  Drone  
  13  0:14  Overlord  
  13  0:19  Drone  
  14  0:33  Drone  
  14  0:34  Drone  
  16  0:38  Drone  
  17  0:55  Hatchery  
  16  0:58  Drone  
  16  1:00  Drone  
  18  1:05  Extractor  
  17  1:17  Spawning Pool  
  16  1:24  Drone x2  
  18  1:30  Drone  
  19  1:42  Overlord  
  19  2:04  Queen  
  19  2:06  Drone x2  
  19  2:07  Queen  
  25  2:09  Drone  
  25  2:15  Metabolic Boost  
  26  2:39  Hatchery  
  26  2:43  Drone x4  
  29  2:53  Drone x2  
  31  3:01  Evolution Chamber  
  31  3:06  Overlord  
  31  3:19  Overlord  
  31  3:20  Overlord  
  31  3:24  Queen  
  31  3:26  Drone  
  31  3:27  Drone x2  
  36  3:43  Drone  
  36  3:44  Drone x4  
  36  3:45  Zergling x2  
  36  3:46  Zergling x6  
  45  3:51  Lair  
  45  3:58  Queen  
  47  4:03  Drone x4  
  47  4:04  Drone  
  47  4:08  Overlord  
  52  4:21  Drone x6  
  57  4:34  Overlord  
  57  4:40  Extractor  
  57  4:42  Extractor  
  57  4:45  Roach Warren  
  54  4:46  Evolution Chamber  
  54  4:47  Drone x3  
  54  4:48  Drone x6  
  62  5:11  Spore Crawler  
  62  5:13  Drone x5, Spore Crawler  
  65  5:14  Overlord x2  
  65  5:15  Overlord x2  
  65  5:19  Spore Crawler  
  63  5:21  Queen  
  63  5:22  Spore Crawler  
  63  5:25  Spore Crawler  
  63  5:26  Overlord x2  
  63  5:33  Extractor, Hydralisk Den  
  63  5:34  Drone x2  
  63  5:35  Drone x2  
  62  5:45  Zerg Missile Weapons Level 1  
  62  5:51  Spore Crawler  
  62  5:53  Drone x2  
  62  5:54  Drone x8  
  68  6:07  Hydralisk  
  68  6:08  Hydralisk x5  
  75  6:20  Extractor x2  
  73  6:25  Hydralisk x2  
  73  6:26  Hydralisk x2  
  81  6:38  Overlord x2  
  73  6:57  Hydralisk x9  
  89  7:02  Overlord  
  89  7:03  Overlord x2  
  87  7:24  Evolution Chamber  
  87  7:25  Drone x11  
  96  7:34  Roach  
  96  7:35  Roach x3  
  104  7:38  Overlord  
  104  7:39  Zerg Missile Weapons Level 2  
  104  7:49  Overlord  
  104  7:50  Overlord  
  104  7:53  Spine Crawler  
  104  7:55  Drone x2  
  105  8:00  Hatchery  
  105  8:04  Roach x3  
  105  8:05  Roach  
  112  8:07  Overlord x2  
  111  8:14  Overlord x2  
  111  8:17  Overlord  
  111  8:19  Zerg Ground Armor Level 1  
  111  8:23  Infestation Pit  
  110  8:30  Roach x3  
  110  8:31  Roach x2  
  120  8:45  Drone x4  
  120  8:46  Drone  
  122  8:49  Roach x4  
  122  8:50  Roach  
  130  8:56  Drone x4  
  126  9:05  Spore Crawler  
  126  9:07  Drone x2  
  126  9:08  Drone x3  
  126  9:09  Queen  
  124  9:18  Hydralisk  
  124  9:19  Hydralisk x3  
  102  9:28  Glial Reconstitution  
  102  9:30  Hydralisk x3  
  96  9:42  Hydralisk x4  
  100  9:49  Hydralisk  
  98  9:56  Hydralisk x2  
  98  9:58  Pathogen Glands  
  102  10:01  Queen  
  104  10:07  Infestor x3  
  104  10:08  Infestor x2  
  114  10:23  Spore Crawler x2  
  114  10:25  Roach x3, Spore Crawler  
  117  10:30  Drone  
  117  10:31  Drone x4  
  122  10:36  Overlord x2  
  122  10:48  Roach  
  122  10:49  Roach x5  
  134  10:56  Drone x6  
  136  11:24  Roach  
  136  11:25  Roach x14  
Show
View Real Time Build Order
Export as new Build Order

Anubis Protoss - Winner!

Build Orders: 1 Gate Expand 

Get SALT Encoding   

  12  0:01  Probe (Chrono Boost)  
  13  0:12  Probe (Chrono Boost)  
  14  0:19  Pylon  
  14  0:22  Probe (Chrono Boost)  
  15  0:37  Probe (Chrono Boost)  
  16  0:48  Probe (Chrono Boost)  
  17  0:53  Gateway  
  17  0:58  Probe (Chrono Boost)  
  18  1:16  Nexus  
  18  1:24  Assimilator  
  18  1:30  Assimilator  
  18  1:35  Gateway  
  18  1:40  Cybernetics Core  
  18  1:47  Probe (Chrono Boost)  
  19  1:57  Probe (Chrono Boost)  
  19  1:59  Pylon  
  20  2:08  Probe (Chrono Boost)  
  21  2:18  Probe (Chrono Boost)  
  21  2:21  Stalker  
  22  2:29  Warp Gate  
  26  2:32  Mothership Core (Chrono Boost)  
  26  2:36  Probe (Chrono Boost)  
  27  2:48  Probe (Chrono Boost)  
  29  2:52  Probe (Chrono Boost)  
  29  2:58  Probe (Chrono Boost)  
  29  3:02  Probe (Chrono Boost)  
  30  3:07  Pylon  
  30  3:09  Probe (Chrono Boost)  
  31  3:13  Probe (Chrono Boost)  
  33  3:20  Probe (Chrono Boost)  
  33  3:24  Probe (Chrono Boost)  
  34  3:30  Probe (Chrono Boost), Stargate  
  34  3:31  Stargate  
  35  3:35  Assimilator  
  35  3:40  Probe (Chrono Boost)  
  35  3:41  Probe (Chrono Boost)  
  37  3:48  Pylon  
  37  3:50  Probe (Chrono Boost)  
  38  4:00  Probe (Chrono Boost)  
  38  4:01  Probe (Chrono Boost)  
  40  4:11  Probe (Chrono Boost)  
  40  4:12  Probe (Chrono Boost)  
  40  4:14  Phoenix  
  40  4:15  Phoenix  
  42  4:23  Pylon  
  42  4:24  Probe x2 (Chrono Boost)  
  48  4:36  Phoenix x2, Probe x2 (Chrono Boost)  
  56  4:53  Probe x2 (Chrono Boost), Assimilator  
  56  4:58  Phoenix, Pylon  
  56  5:03  Gateway  
  56  5:04  Gateway  
  58  5:10  Probe x2 (Chrono Boost)  
  60  5:17  Phoenix  
  60  5:19  Phoenix  
  63  5:22  Probe (Chrono Boost)  
  63  5:25  Adept  
  69  5:36  Probe (Chrono Boost)  
  69  5:37  Probe (Chrono Boost)  
  69  5:39  Phoenix  
  69  5:41  Phoenix  
  71  5:49  Probe (Chrono Boost)  
  76  6:07  Probe x2 (Chrono Boost)  
  78  6:24  Probe (Chrono Boost)  
  78  6:25  Probe (Chrono Boost)  
  78  6:27  Gateway, Pylon x2  
  78  6:28  Pylon x2  
  78  6:29  Twilight Council, Gateway  
  78  6:33  Gateway  
  78  6:45  Probe x2 (Chrono Boost)  
  80  6:47  Forge  
  80  6:53  Phoenix x2  
  78  6:57  Probe x2 (Chrono Boost)  
  84  7:06  Adept  
  84  7:07  Adept x2  
  90  7:19  Phoenix x2  
  90  7:21  Protoss Ground Weapons Level 1, Resonating Glaives  
  94  7:24  Nexus  
  94  7:27  Adept x2, Pylon x2  
  94  7:28  Adept  
  102  7:35  Templar Archives  
  100  7:46  Phoenix  
  100  7:47  Phoenix  
  104  7:52  Assimilator x2  
  104  7:53  Probe x2 (Chrono Boost)  
  108  8:05  Probe (Chrono Boost)  
  108  8:06  Probe (Chrono Boost)  
  108  8:17  Probe (Chrono Boost)  
  108  8:18  Probe (Chrono Boost)  
  110  8:27  Adept x2  
  110  8:28  Adept x4  
  110  8:30  Probe x2 (Chrono Boost)  
  124  8:38  Pylon x2  
  124  8:39  Pylon  
  126  8:42  Probe x2 (Chrono Boost)  
  124  9:03  Adept x4  
  124  9:04  Adept x2  
  116  9:24  Adept x5  
  116  9:25  Adept, Phoenix x2  
  133  9:38  Probe (Chrono Boost)  
  133  9:40  Probe x2 (Chrono Boost)  
  133  9:51  Adept x5  
  133  9:52  Adept, Probe (Chrono Boost)  
  146  9:55  Phoenix x2  
  150  10:13  Nexus  
  150  10:14  Pylon  
  150  10:25  Robotics Facility x2  
  150  10:26  Pylon x2  
  150  10:28  Robotics Facility  
  150  10:30  Pylon  
  150  10:35  High Templar  
  150  10:36  High Templar x5  
  150  10:40  Archon x3  
  162  10:44  Pylon x3  
  162  10:53  Photon Cannon  
  162  10:56  Assimilator  
  162  11:00  Pylon, Assimilator  
  174  11:27  Adept x5  
  174  11:29  Adept  
Tags
 
Add a new tag
Caveats
  • Supply blocks, unpowered buildings, or Contaminate may cause inaccurate times.
  • Supply counts are checked every 10 seconds.